AoeStats
← Koprulu Mehmed PASA_☾☆

Fortress

508497553Analyzed
3v3 RM · 10d ago on Sep 22, 2026· 41m 51s· 6 players
Game mode
Random Map
Map size
Large (8 player)
Population
200
Speed
Normal
Resources
Standard
Victory
Conquest
Starting age
Dark Age
Ending age
Imperial Age
RankedLock teamsTeams togetherTeam positionsShared explorationLock speedFull tech treeHidden civsTurbo modeCheats
Victory
Defeat
🇮🇹 Goths · Italy
740
+16
🇬🇧 Romans · United Kingdom
723
+17
🇷🇺 Spanish · Russia
701
+18
🇳🇱 Franks · Netherlands
795
-19
🇮🇹 Saxons · Italy
757
-18
🇹🇷 Britons · Türkiye
660
-14
Anubis
0:38 Loom
9:22 Feudal Age
19:05 Castle Age
21:09 Fervor
24:20 Imperial Age
25:04 Sanctity
28:07 Wheelbarrow
27:43 Horse Collar
27:51 Double-Bit Axe
29:03 Bow Saw
30:58 Hand Cart
32:22 Husbandry
31:43 Cavalier
32:59 Light Cavalry
33:49 Bloodlines
35:18 Gold Mining
35:27 Stone Mining
35:51 Fortified Wall
36:02 Ballistics
36:20 Heavy Plow
37:35 Two-Man Saw
38:16 Two-Man Saw
37:58 Stone Shaft Mining
38:28 Chemistry
39:15 Forging
38:55 Fletching
39:06 Padded Archer Armor
39:12 Scale Barding Armor
39:08 Scale Mail Armor
39:35 Paladin
41:13 Supremacy
41:21 Conscription
jsx_001
8:31 Feudal Age
9:51 Double-Bit Axe
14:27 Castle Age
13:00 Horse Collar
15:39 Bow Saw
17:25 Town Watch
18:29 Bloodlines
18:19 Husbandry
19:01 Gold Mining
19:41 Scale Barding Armor
20:26 Gold Shaft Mining
21:20 Chain Barding Armor
22:20 Loom
28:47 Imperial Age
26:56 Wheelbarrow
26:45 Ballistics
27:20 Forging
30:01 Iron Casting
29:52 Elite Centurion
31:50 Stone Mining
32:29 Hand Cart
33:02 Plate Barding Armor
34:19 Comitatenses
35:49 Fletching
36:23 Fervor
40:44 Elite Skirmisher
41:28 Padded Archer Armor
41:23 Bodkin Arrow
psycho93
0:30 Loom
9:55 Feudal Age
12:42 Double-Bit Axe
12:40 Horse Collar
13:50 Wheelbarrow
14:00 Gold Mining
14:03 Stone Mining
15:25 Wheelbarrow
19:50 Castle Age
20:17 Fletching
20:38 Forging
20:28 Scale Mail Armor
22:05 Anarchy
23:11 Hand Cart
22:59 Heavy Plow
23:35 Bow Saw
23:57 Town Watch
26:18 Squires
30:33 Imperial Age
29:11 Stone Shaft Mining
30:18 Caravan
29:45 Pikeman
31:17 Iron Casting
30:57 Chain Mail Armor
31:33 Perfusion
31:55 Conscription
32:53 Town Patrol
34:11 Blast Furnace
33:09 Bodkin Arrow
34:17 Crop Rotation
33:52 Treadmill Crane
34:36 Ballistics
36:49 Two-Man Saw
37:13 Murder Holes
38:21 Chemistry
36:51 Elite Huskarl
38:54 Bracer
38:44 Halberdier
ildemo
0:30 Loom
9:47 Feudal Age
10:59 Double-Bit Axe
10:57 Horse Collar
11:55 Wheelbarrow
12:47 Gold Mining
12:48 Stone Mining
13:46 Arson
13:26 Man-at-Arms
18:14 Castle Age
18:33 Castle Age
16:19 Town Watch
17:59 Bloodlines
21:40 Gold Shaft Mining
21:10 Heavy Plow
21:25 Bow Saw
21:30 Thumb Ring
20:46 Crossbowman
22:12 Hand Cart
28:56 Long Swordsman
29:22 Gambesons
29:38 Squires
32:17 Imperial Age
31:38 Clerical Recruitment
33:21 Redemption
33:32 Sanctity
32:51 Two-Handed Swordsman
32:52 Elite Varangian Guard
34:04 Guilds
33:57 Caravan
35:39 Forging
35:29 Scale Mail Armor
35:30 Padded Archer Armor
35:21 Fletching
35:36 Scale Barding Armor
36:34 Chemistry
35:55 Ballistics
35:15 Treadmill Crane
35:31 Murder Holes
35:47 Masonry
35:42 Siege Engineers
35:39 Arbalester
38:00 Conscription
38:06 Shield Wall
38:17 Shield Wall
bat_red
4:25 Loom
6:30 Feudal Age
7:05 Double-Bit Axe
11:28 Gold Mining
14:12 Castle Age
14:18 Scale Barding Armor
15:19 Bow Saw
16:30 Husbandry
16:59 Loom
17:54 Forging
19:12 Town Watch
21:30 Stone Mining
22:30 Wheelbarrow
22:42 Wheelbarrow
26:46 Imperial Age
25:48 Chain Barding Armor
26:05 Iron Casting
27:17 Gold Shaft Mining
27:00 Hand Cart
26:46 Town Patrol
27:04 Masonry
27:16 Ballistics
29:29 Fortified Wall
29:50 Architecture
30:15 Caravan
32:22 Chemistry
31:22 Murder Holes
31:00 Cavalier
33:09 Conscription
33:25 Hoardings
Koprulu Mehmed PASA_☾☆
8:45 Feudal Age
15:03 Castle Age
16:56 Padded Archer Armor
20:19 Ballistics
32:20 Husbandry
41:03 Imperial Age
Connection lost

Rejoining the realm…

Still unreachable

The connection could not be restored.

Session expired

The server has moved on; the page needs a fresh start.